trophy.get(), lawful female dwarven Valkyrie ---- -- -- ----------..| ----.--.-- |...........--- ---.........| |..----...-...| |........... --.| |.....%.| |.........- |.| ----.--.----........- |%| |.||...........- |.| -----.|---.%..<....- |.|--.|...| --.........| |%||......-- -...--........ ` --.|#.......---..... ........... *#@## --..###-.--.......---- --......---- | #`@# ---...| -- |.....--- -......| |.---#``| |....-- |..---- -....-- |...|...| |...-- |..| ----- -....----.--- -------..| |.........| --..|.|...------------ |....------ |....................- |....| |.|........--------- --.--- ----.|.|.--- -- ------- trophy.get() the Skirmisher Experience level: 4 Strength: 18 Dexterity: 12 Constitution: 16 Intelligence: 9 Wisdom: 15 Charisma: 9 Health: 0(35) Energy: 6(6) Def: 8 Gold: 366 Moves: 1862 Dungeon seed: l6emKoBLPIxFpZEZ Game ID: trophy.get()_1467223571 Your Inventory: Coins $ - 366 gold pieces Weapons a - a +1 long sword (weapon in hand) b - a +0 dagger m - 2 cursed +0 darts (in quiver) Armor e - an uncursed +3 small shield (being worn) r - an uncursed +0 leather armor (being worn) w - a cursed -1 oilskin cloak (being worn) z - an uncursed +0 dwarvish cloak N - an uncursed +0 pair of iron shoes (being worn) Comestibles c - 3 uncursed food rations h - an uncursed fortune cookie u - 2 uncursed tripe rations A - an uncursed tin of baby crocodile meat Scrolls k - a cursed scroll of identify l - an uncursed scroll of earth n - an uncursed scroll of remove curse C - an uncursed scroll of identify Potions d - an uncursed potion of hallucination f - an uncursed potion of gain ability Rings j - an uncursed ring of cold resistance Wands t - a wand of probing (0:2) Tools i - an uncursed tooled horn s - 6 uncursed wax candles (0:400) v - an uncursed oil lamp (0:1218) Gems q - an uncursed worthless piece of blue glass x - an uncursed touchstone y - an uncursed garnet stone E - an uncursed worthless piece of green glass Y - 2 uncursed worthless pieces of orange glass Spells and supernatural/magical abilities: Name Level Category Fail Memory W - pray for help -- divine ? -- Your skills at the end: Fighting Skills wands [Basic] Weapon Skills dagger [Basic] long sword [Basic] Spellcasting Skills Final Attributes: You were devoutly aligned. You were cold resistant. You had infravision. You were stealthy. You are dead. Vanquished creatures: a gnome lord a kitten 2 dwarves a monkey a wererat an iguana an acid blob 2 coyotes a gas spore a large kobold 2 cave spiders a green mold 3 gnomes a gecko 5 jackals 2 kobolds 3 sewer rats 11 grid bugs 2 bats 7 lichens a kobold zombie 2 newts 52 creatures vanquished. Voluntary challenges: You used a wielded weapon 42 times, starting on turn 4. You read items or engraved 2 times, starting on turn 1338. You never genocided any monsters. You never polymorphed an object. You never changed form. You used no wishes. You never split a pudding. You wrote Elbereth's name 2 times, starting on turn 1338. You violated your moral code, losing 11 points of alignment, starting on turn 1616. Dungeon overview: The Dungeons of Doom: levels 1 to 4 Level 1 an altar to Tyr, a fountain a long staircase Level 2 a fountain Level 3 a sink stairs to The Gnomish Mines Level 4 The Gnomish Mines: levels 4 to 6 Level 4 stairs to The Dungeons of Doom Level 5 Level 6 <- You were here History has recorded: On T:1 you entered the Dungeons of Doom to retrieve the Amulet of Yendor! On T:315 you reached level 2 of The Dungeons of Doom. On T:442 you advanced to experience level 2. On T:448 you reached level 3 of The Dungeons of Doom. On T:816 you reached level 1 of The Gnomish Mines. On T:841 you advanced to experience level 3. On T:936 you reached level 4 of The Dungeons of Doom. On T:1180 you advanced to experience level 4. On T:1410 you reached level 2 of The Gnomish Mines. On T:1732 you reached level 3 of The Gnomish Mines. Score breakdown: Gold: 366 ( 8724 points) Experience: 4 levels ( 9649 points) Exploration: 6 levels ( 12.24%) ( 9682 points) Discoveries: 1 item ( 0.40%) ( 1901 points) Valuables value: (no points given unless you survive) Artifact value: 0 ( 0 points) Variety of kills: 22 monsters ( 5.74%) ( 7190 points) Turncount: 1862 turns ( 0 points) Survival: died (score multiplied by 80%) Total score: 29716 Latest messages: You feel incredibly sick. You feel a bit steadier now. You suddenly vomit! You're done throwing up. You kill the kobold! There are a few objects here. The dwarf king talks about mining. You hear crashing rock. The dwarf king talks about mining. The dwarf king gets angry! You hit the dwarf king! The dwarf king swings his dwarvish mattock. The dwarf king misses. The dwarf king swings his dwarvish mattock. The dwarf king hits! You hit trophy.get()! Trophy.get() wields a long sword! Trophy.get() swings her long sword. Trophy.get() just misses! You miss trophy.get(). Trophy.get() swings her long sword. Trophy.get() hits! Trophy.get() swings her long sword. Trophy.get() hits! You die... Final status: Farvel trophy.get() the Valkyrie, killed by a valkyrie called "trophy.get()"... You died in The Gnomish Mines on dungeon level 6 with 29716 points, and 366 pieces of gold, after 1862 moves. You were level 4 with a maximum of 35 hit points when you died.